Workbook

Sheet PRESUPUESTO
A1: PRESUPUESTO MANTENIMIENTO INFRAESTRUCTURA CTPGA
A2: ITEM | B2: DESCRIPCION | C2: UND | D2: CANT | E2: Vr. UNIT | F2: Vr. TOTAL
A4: A | B4: PINTURA
A5: 1 | B5: Suministro y aplicación de pintura acrilica, Vinilo Tipo 1 de primera calidad sobre muros revocados y/o estucados, tres manos o las necesarias para obtener una superficie pareja y homogénea. Incluye suministro y transporte de los materiales, tapa poros, adecuación de la superficie a intervenir hasta obtener una superficie pareja y homogénea, color a definir | C5: m2 | D5: 850 | E5: ='A.P.U CIVIL'!I23 -> 14427 | F5: =+D5*E5 -> 12262950
A6: B | B6: CUBIERTA Y BAÑOS
A7: 1 | B7: Mantenimiento correctivo canal amazonas del ctpga, incluye cambio de accesorios como: uniones, union bajante, bajantes, tapas, soportes y todos los elementos necesarios para su correcta instalacion y funcionamiento | C7: M | D7: 30 | E7: ='A.P.U CIVIL'!I46 -> 45583 | F7: =+D7*E7 -> 1367490
A8: 2 | B8: Retiro, Suministro e instalacion de canal interna de aguas lluvias en lamina galvanizada calibre 18, incluye primer, esmalte gris y todos los elementos para su correcta instalacionv(zona de cuarto electrico, poli 1 y 2). | C8: M | D8: 21 | E8: ='A.P.U CIVIL'!I92 -> 161013 | F8: =+D8*E8 -> 3381273
A9: 3 | B9: Suministro y aplicación anticorrosivo y esmalte en la estructura de reforzamiento del pasillo, tres manos o las necesarias para obtener una superficie pareja y homogénea. Incluye suministro y transporte de los materiales, tapa poros, adecuación de la superficie a intervenir hasta obtener una superficie pareja y homogénea, color a definir | C9: UNIDAD | D9: 3 | E9: ='A.P.U CIVIL'!I113 -> 673000 | F9: =+D9*E9 -> 2019000
A10: 4 | B10: Retiro e instalacion de perfil metalico para la correcta instalacion de la canl de aguas lluvias, incluye todos los elementos para su correcta instalacionv (zona de cuarto electrico, poli 1 y 2). | C10: M | D10: 21 | E10: ='A.P.U CIVIL'!I69 -> 45825 | F10: =+D10*E10 -> 962325
A11: 5 | B11: Suministro e instalacion de soportes metalicos en angulo de 2" por 1/4" para lavamanos, bateria de baños de aprendices, incluye pintura, anticorrosivo y todos los elementos para su correcta instalcion. | C11: UNIDAD | D11: 2 | E11: ='A.P.U CIVIL'!I136 -> 739000 | F11: =+D11*E11 -> 1478000
A12: 6 | B12: Manteniemiento correctivo de de divisiones en aceroo inoxidable bateria de baños de aprendices, incluye cambio de bisagras, anclajes y todos los elementos necesarios para su correcta instalacion. | C12: UNIDAD | D12: 2 | E12: ='A.P.U CIVIL'!I158 -> 999800 | F12: =+D12*E12 -> 1999600
A13: 7 | B13: Manteniemiento correctivo de lavamanos en aceroo inoxidable bateria de baños aprendices, incluye instalacion de melamina, fijacion de platos y brillada, incluye todos los elementos necesarios para su correcta instalacion. | C13: UNIDAD | D13: 2 | E13: ='A.P.U CIVIL'!I183 -> 349500 | F13: =+D13*E13 -> 699000
A14: C | B14: CARPINTERIA METALICA Y MADERA
A15: 1 | B15: Suministro, transporte e instalación de PUERTA DE ALUMNIO DE 0.9X2.7 CON VENTANA PROYECTANTE, Incluye cerradura de seguridad, y todos los demás elementos necesarios para su correcta instalación y funcionamiento. | C15: UNIDAD | D15: 2 | E15: ='A.P.U PUERTAS'!I21 -> 1476563 | F15: =D15*E15 -> 2953126
A16: 2 | B16: Suministro, transporte e instalación de VIDRIO 5 MM COLOR NATURAL, incluye cerradura, y todos los demás elementos necesarios para su correcta instalación y funcionamiento. | C16: M2 | D16: 6 | E16: ='A.P.U PUERTAS'!I43 -> 84625 | F16: =D16*E16 -> 507750
A17: 3 | B17: Mantenimento correctivo de rodachines y rieles de puertas corredizas del auditorio y ambiente de emprendimiento, Incluye cerradura de seguridad y todos los demás elementos necesarios para su correcta instalación y funcionamiento. | C17: UNIDAD | D17: 2 | E17: ='A.P.U PUERTAS'!I65 -> 1070417 | F17: =D17*E17 -> 2140834
A18: D | B18: ELECTRICO
A19: 1 | B19: Suministro e instalacion de Lamparas de sobreponer led 8", 18W, 1500 lm,120VAC 50/60hz, luz blanca, proteccion ip20, | C19: UNIDAD | D19: 50 | E19: ='A.P.U ELECTRICO'!I21 -> 52560 | F19: =D19*E19 -> 2628000
A20: 2 | B20: Suministro e instalacion de Sensores de movimiento tipo techo, con Voltaje 120VAC 50/60 Hz, Ángulo de detección 180°. | C20: UNIDAD | D20: 6 | E20: ='A.P.U ELECTRICO'!I43 -> 69700 | F20: =D20*E20 -> 418200
A21: 3 | B21: Suministro e instalacion de Reflectores perimetrales led 200w 120/240 VAC 50/60 Hz,ip 65 incluye instalacion, cableado, breaker de proteccion y/o tablero electrico | C21: UNIDAD | D21: 5 | E21: ='A.P.U ELECTRICO'!I64 -> 670400 | F21: =D21*E21 -> 3352000
A22: 4 | B22: Suministro e instalacion de Tubos led t8 luz blanca, 18w, G13, 110/220v, 6500k | C22: UNIDAD | D22: 22 | E22: ='A.P.U ELECTRICO'!I85 -> 39850 | F22: =D22*E22 -> 876700
A23: 5 | B23: Suministro e instalacion de iluminacion led con rosca 120/240v, 15w con rosca E27, incluye socket, instalacion, cables, para baños | C23: UNIDAD | D23: 17 | E23: ='A.P.U ELECTRICO'!I107 -> 58400 | F23: =D23*E23 -> 992800
A24: 6 | B24: Suministro e instalacion de ventiladores de techo con rodamiento, Cantidad De Aspas 3 Color De La Estructura Blanco Color De Las Aspas Blanco Diámetro 56 Frecuencia 80w Material De Las Aspas Metal 110v | C24: UNIDAD | D24: 3 | E24: ='A.P.U ELECTRICO'!I129 -> 485700 | F24: =D24*E24 -> 1457100
C26: TOTAL COSTO DIRECTO | F26: =SUM(F4:F24) -> 39496148
B28: COSTOS DIRECTOS | F28: =F26 -> 39496148
B29: COSTOS INDIRECTOS
B30: ADMINISTRACION 20 % | F30: =F28*0.2 -> 7899229.6
B31: UTILIDAD 5 % | F31: =F28*0.05 -> 1974807.4
B32: COSTO TOTAL | F32: =SUM(F28:F31) -> 49370185
A34: Elaboro: Victor Mercado Sampayo Ing. Civil MP: 54202-271756 NTS cc: 1052.962.040

Sheet A.P.U ELECTRICO
A1: ITEM: | B1: =PRESUPUESTO!B19 -> Suministro e instalacion de Lamparas de sobreponer led 8", 18W, 1500 lm,120VAC 50/60hz, luz blanca, proteccion ip20,
A2: A.P.U_H-02 | H2: UNIDAD: | I2: Und
A3: EQUIPOS Y HERRAMIENTAS | F3: CANT | G3: Vr. / DIA | H3: REND. | I3: V-UNIT.
A4: Hta menor | I4: =ROUND((SUM(I19:I20)*0.05),0) -> 1360
A7: MATERIALES | F7: UN. | G7: P-UNIT. | H7: CANT. | I7: V-UNIT
A8: Lamparas de sobreponer led 8", 18W, 1500 lm,120VAC 50/60hz, luz blanca | F8: UNIDAD | G8: 24000 | H8: 1 | I8: =+H8*G8 -> 24000
I14: =+G14*H14 -> 0
A15: TRANSPORTE | E15: Vol (M3) | F15: DIST. | G15: M3-KM | H15: TARIFA | I15: V-UNIT
A16: Materiales | F16: 6 | G16: =35000/F16 -> 5833.3333 | H16: =+G16*6 -> 35000 | I16: =+E16*G16 -> 0
A17: Agregados | I17: =+E17*G17 -> 0
A18: MANO DE OBRA | E18: CANT. | F18: JORNAL+PRESTAC. | H18: REND. | I18: V-UNIT
A19: =CUADRILLAS!A19 -> OFICIAL ELECTRICO | E19: 1 | F19: =1.7*CUADRILLAS!B19 -> 136000 | H19: 5 | I19: =+(E19*F19)/H19 -> 27200
F21: TOTAL COSTO DIRECTO | I21: =ROUND((SUM(I4:I20)),0) -> 52560
A23: ITEM: | B23: =PRESUPUESTO!B20 -> Suministro e instalacion de Sensores de movimiento tipo techo, con Voltaje 120VAC 50/60 Hz, Ángulo de detección 180°.
A24: A.P.U_H-03 | H24: UNIDAD: | I24: Und
A25: EQUIPOS Y HERRAMIENTAS | F25: CANT | G25: Vr. / DIA | H25: REND. | I25: V-UNIT.
A26: Hta menor | I26: =ROUND((SUM(I41:I42)*0.05),0) -> 1700
A29: MATERIALES | F29: UN. | G29: P-UNIT. | H29: CANT. | I29: V-UNIT
A30: Sensores de movimiento tipo techo, con Voltaje 120VAC 50/60 Hz, Ángulo de detección 180° | F30: UNIDAD | G30: 34000 | H30: 1 | I30: =+H30*G30 -> 34000
I36: =+G36*H36 -> 0
A37: TRANSPORTE | E37: Vol (M3) | F37: DIST. | G37: M3-KM | H37: TARIFA | I37: V-UNIT
A38: Materiales | F38: 6 | G38: =35000/F38 -> 5833.3333 | H38: =+G38*6 -> 35000 | I38: =+E38*G38 -> 0
A39: Agregados | I39: =+E39*G39 -> 0
A40: MANO DE OBRA | E40: CANT. | F40: JORNAL+PRESTAC. | H40: REND. | I40: V-UNIT
A41: OFICIAL ELECTRICO | E41: 1 | F41: =F19 -> 136000 | H41: 4 | I41: =+(E41*F41)/H41 -> 34000
F43: TOTAL COSTO DIRECTO | I43: =ROUND((SUM(I26:I42)),0) -> 69700
A45: ITEM: | B45: =PRESUPUESTO!B21 -> Suministro e instalacion de Reflectores perimetrales led 200w 120/240 VAC 50/60 Hz,ip 65 incluye instalacion, cableado, breaker de proteccion y/o tablero electrico
A46: A.P.U_H-03 | H46: UNIDAD: | I46: Und
A47: EQUIPOS Y HERRAMIENTAS | F47: CANT | G47: Vr. / DIA | H47: REND. | I47: V-UNIT.
A48: Hta menor | I48: =ROUND((SUM(I62:I63)*0.05),0) -> 3400
A51: MATERIALES | F51: UN. | G51: P-UNIT. | H51: CANT. | I51: V-UNIT
A52: Reflectores perimetrales led 200w 120/240 VAC 50/60 Hz,ip 65 | F52: UNIDAD | G52: 470000 | H52: 1 | I52: =+H52*G52 -> 470000
A53: Cable encauchetado #14x3 | F53: UNIDAD | G53: 5200 | H53: 20 | I53: =G53*H53 -> 104000
A54: BREKE | F54: UNIDAD | G54: 1 | H54: 25000 | I54: =G54*H54 -> 25000
I57: =+G57*H57 -> 0
A58: TRANSPORTE | E58: Vol (M3) | F58: DIST. | G58: M3-KM | H58: TARIFA | I58: V-UNIT
A59: Materiales | F59: 6 | G59: =35000/F59 -> 5833.3333 | H59: =+G59*6 -> 35000 | I59: =+E59*G59 -> 0
A60: Agregados | I60: =+E60*G60 -> 0
A61: MANO DE OBRA | E61: CANT. | F61: JORNAL+PRESTAC. | H61: REND. | I61: V-UNIT
A62: OFICIAL ELECTRICO | E62: 1 | F62: =F41 -> 136000 | H62: 2 | I62: =+(E62*F62)/H62 -> 68000
F64: TOTAL COSTO DIRECTO | I64: =ROUND((SUM(I48:I63)),0) -> 670400
A66: ITEM: | B66: =PRESUPUESTO!B22 -> Suministro e instalacion de Tubos led t8 luz blanca, 18w, G13, 110/220v, 6500k
A67: A.P.U_H-03 | H67: UNIDAD: | I67: Und
A68: EQUIPOS Y HERRAMIENTAS | F68: CANT | G68: Vr. / DIA | H68: REND. | I68: V-UNIT.
A69: Hta menor | I69: =ROUND((SUM(I83:I84)*0.05),0) -> 850
A72: MATERIALES | F72: UN. | G72: P-UNIT. | H72: CANT. | I72: V-UNIT
A73: Tubos led t8 luz blanca, 18w, G13, 110/220v, 6500k | F73: UNIDAD | G73: 22000 | H73: 1 | I73: =+H73*G73 -> 22000
I78: =+G78*H78 -> 0
A79: TRANSPORTE | E79: Vol (M3) | F79: DIST. | G79: M3-KM | H79: TARIFA | I79: V-UNIT
A80: Materiales | F80: 6 | G80: =35000/F80 -> 5833.3333 | H80: =+G80*6 -> 35000 | I80: =+E80*G80 -> 0
A81: Agregados | I81: =+E81*G81 -> 0
A82: MANO DE OBRA | E82: CANT. | F82: JORNAL+PRESTAC. | H82: REND. | I82: V-UNIT
A83: OFICIAL ELECTRICO | E83: 1 | F83: =F62 -> 136000 | H83: 8 | I83: =+(E83*F83)/H83 -> 17000
F85: TOTAL COSTO DIRECTO | I85: =ROUND((SUM(I69:I84)),0) -> 39850
A88: ITEM: | B88: =PRESUPUESTO!B22 -> Suministro e instalacion de Tubos led t8 luz blanca, 18w, G13, 110/220v, 6500k
A89: A.P.U_H-03 | H89: UNIDAD: | I89: Und
A90: EQUIPOS Y HERRAMIENTAS | F90: CANT | G90: Vr. / DIA | H90: REND. | I90: V-UNIT.
A91: Hta menor | I91: =ROUND((SUM(I105:I106)*0.05),0) -> 567
A94: MATERIALES | F94: UN. | G94: P-UNIT. | H94: CANT. | I94: V-UNIT
A95: iluminacion led con rosca 120/240v, 15w con rosca E27 | F95: UNIDAD | G95: 19000 | H95: 1 | I95: =+H95*G95 -> 19000
A96: cable encauchetado | F96: M | G96: 5500 | H96: 5 | I96: =+H96*G96 -> 27500
I100: =+G100*H100 -> 0
A101: TRANSPORTE | E101: Vol (M3) | F101: DIST. | G101: M3-KM | H101: TARIFA | I101: V-UNIT
A102: Materiales | F102: 6 | G102: =35000/F102 -> 5833.3333 | H102: =+G102*6 -> 35000 | I102: =+E102*G102 -> 0
A103: Agregados | I103: =+E103*G103 -> 0
A104: MANO DE OBRA | E104: CANT. | F104: JORNAL+PRESTAC. | H104: REND. | I104: V-UNIT
A105: OFICIAL ELECTRICO | E105: 1 | F105: =F83 -> 136000 | H105: 12 | I105: =+(E105*F105)/H105 -> 11333.333
F107: TOTAL COSTO DIRECTO | I107: =ROUND((SUM(I91:I106)),0) -> 58400
A110: ITEM: | B110: =PRESUPUESTO!B24 -> Suministro e instalacion de ventiladores de techo con rodamiento, Cantidad De Aspas 3 Color De La Estructura Blanco Color De Las Aspas Blanco Diámetro 56 Frecuencia 80w Material De Las Aspas Metal 110v
A111: A.P.U_H-03 | H111: UNIDAD: | I111: Und
A112: EQUIPOS Y HERRAMIENTAS | F112: CANT | G112: Vr. / DIA | H112: REND. | I112: V-UNIT.
A113: Hta menor | I113: =ROUND((SUM(I127:I128)*0.05),0) -> 1700
A116: MATERIALES | F116: UN. | G116: P-UNIT. | H116: CANT. | I116: V-UNIT
A117: ventilador de techo kdk de 3 aspas | F117: UNIDAD | G117: 450000 | H117: 1 | I117: =+H117*G117 -> 450000
I122: =+G122*H122 -> 0
A123: TRANSPORTE | E123: Vol (M3) | F123: DIST. | G123: M3-KM | H123: TARIFA | I123: V-UNIT
A124: Materiales | F124: 6 | G124: =35000/F124 -> 5833.3333 | H124: =+G124*6 -> 35000 | I124: =+E124*G124 -> 0
A125: Agregados | I125: =+E125*G125 -> 0
A126: MANO DE OBRA | E126: CANT. | F126: JORNAL+PRESTAC. | H126: REND. | I126: V-UNIT
A127: OFICIAL ELECTRICO | E127: 1 | F127: =F105 -> 136000 | H127: 4 | I127: =+(E127*F127)/H127 -> 34000
F129: TOTAL COSTO DIRECTO | I129: =ROUND((SUM(I113:I128)),0) -> 485700

Sheet A.PU. SANITARIO
A1: ITEM: | B1: =PRESUPUESTO!#REF! -> #REF!
A2: A.P.U_J-01 | H2: UNIDAD: | I2: Und
A3: EQUIPOS Y HERRAMIENTAS | F3: CANT | G3: Vr. / DIA | H3: REND. | I3: V-UNIT.
A4: Hta menor | I4: =ROUND((SUM(I20:I21)*0.05),0) -> 3400
A7: MATERIALES | F7: UN. | G7: P-UNIT. | H7: CANT. | I7: V-UNIT
A8: Sanitario San giorgio alongado dual Blanco CORONA | F8: Und | G8: 405000 | H8: 1 | I8: =+H8*G8 -> 405000
A9: Cemento blanco tipo 1 | F9: Kg | G9: 1200 | H9: 2 | I9: =+H9*G9 -> 2400
A10: Valvula regulacion 1/2 pulg metalica GRIVAL | F10: Und | G10: 27000 | H10: 1 | I10: =+H10*G10 -> 27000
I11: =+H11*G11 -> 0
I12: =+H12*G12 -> 0
I13: =+H13*G13 -> 0
I14: =+G14*H14 -> 0
I15: =+G15*H15 -> 0
A16: TRANSPORTE | E16: Vol (M3) | F16: DIST. | G16: M3-KM | H16: TARIFA | I16: V-UNIT
A17: Materiales | E17: 0.3 | F17: 6 | G17: =35000/F17 -> 5833.3333 | H17: =+G17*6 -> 35000 | I17: =+E17*G17 -> 1750
A18: Agregados | I18: =+E18*G18 -> 0
A19: MANO DE OBRA | E19: CANT. | F19: JORNAL+PRESTAC. | H19: REND. | I19: V-UNIT
A20: =CUADRILLAS!A18 -> OFICIAL PLOMERIA | E20: 1 | F20: =CUADRILLAS!B18*1.7 -> 136000 | H20: 2 | I20: =+(E20*F20)/H20 -> 68000
F22: TOTAL COSTO DIRECTO | I22: =ROUND((SUM(I4:I21)),0) -> 507550
A25: ITEM: | B25: =PRESUPUESTO!#REF! -> #REF!
A26: A.P.U_J-01 | H26: UNIDAD: | I26: Und
A27: EQUIPOS Y HERRAMIENTAS | F27: CANT | G27: Vr. / DIA | H27: REND. | I27: V-UNIT.
A28: Hta menor | I28: =ROUND((SUM(I43:I44)*0.05),0) -> 2550
A31: MATERIALES | F31: UN. | G31: P-UNIT. | H31: CANT. | I31: V-UNIT
A32: Lavamanos de sobreponer | F32: Und | G32: 195000 | H32: 1 | I32: =+H32*G32 -> 195000
A33: Valvula regulacion 1/2 pulg metalica GRIVAL | F33: Und | G33: 27000 | H33: 1 | I33: =+H33*G33 -> 27000
A34: Mostardor en madera de calidad | F34: unidad | G34: 300000 | H34: 1 | I34: =+H34*G34 -> 300000
I35: =+H35*G35 -> 0
I36: =+H36*G36 -> 0
I37: =+G37*H37 -> 0
I38: =+G38*H38 -> 0
A39: TRANSPORTE | E39: Vol (M3) | F39: DIST. | G39: M3-KM | H39: TARIFA | I39: V-UNIT
A40: Materiales | E40: 0.3 | F40: 6 | G40: =35000/F40 -> 5833.3333 | H40: =+G40*6 -> 35000 | I40: =+E40*G40 -> 1750
A41: Agregados | I41: =+E41*G41 -> 0
A42: MANO DE OBRA | E42: CANT. | F42: JORNAL+PRESTAC. | H42: REND. | I42: V-UNIT
A43: PLOMERO | E43: 1 | F43: =60000*1.7 -> 102000 | H43: 2 | I43: =+(E43*F43)/H43 -> 51000
F45: TOTAL COSTO DIRECTO | I45: =ROUND((SUM(I28:I44)),0) -> 577300
A48: ITEM: | B48: =PRESUPUESTO!#REF! -> #REF!
A49: A.P.U_I-01 | H49: UNIDAD: | I49: Und
A50: EQUIPOS Y HERRAMIENTAS | F50: CANT | G50: Vr. / DIA | H50: REND. | I50: V-UNIT.
A51: Hta menor | I51: =ROUND((SUM(I65:I66)*0.05),0) -> 1530
A54: MATERIALES | F54: UN. | G54: P-UNIT. | H54: CANT. | I54: V-UNIT
A55: Accesorios PVC-P 1/2" (Union, tee, codo, Adadtadores, tapon) | F55: Glob | G55: 3000 | H55: 1 | I55: =+H55*G55 -> 3000
A56: Tuberia PVC-P 1/2" | F56: ml | G56: 3000 | H56: 4 | I56: =+H56*G56 -> 12000
A57: Soldadura liquida PVC Pavco o similar | F57: Gal/4 | G57: 70000 | H57: 0.005 | I57: =+H57*G57 -> 350
A58: Limpiador removedor PVC Pavco o similar | F58: Gal/4 | G58: 30000 | H58: 0.01 | I58: =+G58*H58 -> 300
I59: =+G59*H59 -> 0
I60: =+G60*H60 -> 0
A61: TRANSPORTE | E61: Vol (M3) | F61: DIST. | G61: M3-KM | H61: TARIFA | I61: V-UNIT
A62: Materiales | F62: 6 | G62: =35000/F62 -> 5833.3333 | H62: =+G62*6 -> 35000 | I62: =+E62*G62 -> 0
A63: Agregados | I63: =+E63*G63 -> 0
A64: MANO DE OBRA | E64: CANT. | F64: JORNAL+PRESTAC. | H64: REND. | I64: V-UNIT
A65: PLOMERO | E65: 1 | F65: =60000*1.7 -> 102000 | H65: 5 | I65: =+(E65*F65)/H65 -> 20400
A66: AYUDANTE | E66: 1 | F66: =30000*1.7 -> 51000 | H66: 5 | I66: =+(E66*F66)/H66 -> 10200
F67: TOTAL COSTO DIRECTO | I67: =ROUND((SUM(I51:I66)),0) -> 47780
A69: ITEM: | B69: =PRESUPUESTO!#REF! -> #REF!
A70: A.P.U_I-03 | H70: UNIDAD: | I70: Und
A71: EQUIPOS Y HERRAMIENTAS | F71: CANT | G71: Vr. / DIA | H71: REND. | I71: V-UNIT.
A72: Hta menor | I72: =ROUND((SUM(I88:I89)*0.05),0) -> 1530
A75: MATERIALES | F75: UN. | G75: P-UNIT. | H75: CANT. | I75: V-UNIT
A76: Codo45° 1/8cxe 4pulg sanitaria Pavco o Similar | F76: Und | G76: 20000 | H76: 1 | I76: =+H76*G76 -> 20000
A77: Tub. sanitaria 6m 4 pulg Pavco o Similar | F77: Und | G77: 14000 | H77: 4 | I77: =+H77*G77 -> 56000
A78: Codo 90°-1/4 cxc 4 pulg Pavco o similar | F78: Und | G78: 5000 | H78: 1 | I78: =+H78*G78 -> 5000
A79: Yees sanitarias 4 pulg pavco | F79: und | G79: =16650 -> 16650 | H79: 1 | I79: =+H79*G79 -> 16650
A80: Soldadura liquida PVC Pavco o similar | F80: Gal/4 | G80: 60000 | H80: =0.013*1.03 -> 0.01339 | I80: =+H80*G80 -> 803.4
A81: Limpiador removedor PVC Pavco o similar | F81: Gal/4 | G81: 30000 | H81: =0.013*1.03 -> 0.01339 | I81: =+H81*G81 -> 401.7
I82: =+G82*H82 -> 0
I83: =+G83*H83 -> 0
A84: TRANSPORTE | E84: Vol (M3) | F84: DIST. | G84: M3-KM | H84: TARIFA | I84: V-UNIT
A85: Materiales | F85: 6 | G85: =35000/F85 -> 5833.3333 | H85: =+G85*6 -> 35000 | I85: =+E85*G85 -> 0
A86: Agregados | I86: =+E86*G86 -> 0
A87: MANO DE OBRA | E87: CANT. | F87: JORNAL+PRESTAC. | H87: REND. | I87: V-UNIT
A88: PLOMERO | E88: 1 | F88: =60000*1.7 -> 102000 | H88: 5 | I88: =+(E88*F88)/H88 -> 20400
A89: AYUDANTE | E89: 1 | F89: =30000*1.7 -> 51000 | H89: 5 | I89: =+(E89*F89)/H89 -> 10200
F90: TOTAL COSTO DIRECTO | I90: =ROUND((SUM(I72:I89)),0) -> 130985
A91: ITEM: | B91: =PRESUPUESTO!#REF! -> #REF!
A92: A.P.U_I-04 | H92: UNIDAD: | I92: Und
A93: EQUIPOS Y HERRAMIENTAS | F93: CANT | G93: Vr. / DIA | H93: REND. | I93: V-UNIT.
A94: Hta menor | I94: =ROUND((SUM(I110:I111)*0.05),0) -> 1275
A97: MATERIALES | F97: UN. | G97: P-UNIT. | H97: CANT. | I97: V-UNIT
A98: Codo45° 1/8cxe 2pulg sanitaria Pavco o Similar | F98: Und | G98: 2500 | H98: 1 | I98: =+H98*G98 -> 2500
A99: Tub. sanitaria 6m 2 pulg Pavco o Similar | F99: Und | G99: 6000 | H99: 4 | I99: =+H99*G99 -> 24000
A100: Codo 90°-1/4 cxc 2 pulg Pavco o similar | F100: Und | G100: 2500 | H100: 1 | I100: =+H100*G100 -> 2500
A101: Yees sanitarias 2 pulg pavco | F101: und | G101: 4000 | H101: 1 | I101: =+H101*G101 -> 4000
A102: Soldadura liquida PVC Pavco o similar | F102: Gal/4 | G102: 70000 | H102: =0.008*1.03 -> 0.00824 | I102: =+H102*G102 -> 576.8
A103: Limpiador removedor PVC Pavco o similar | F103: Gal/4 | G103: 30000 | H103: =0.008*1.03 -> 0.00824 | I103: =+H103*G103 -> 247.2
I104: =+G104*H104 -> 0
I105: =+G105*H105 -> 0
A106: TRANSPORTE | E106: Vol (M3) | F106: DIST. | G106: M3-KM | H106: TARIFA | I106: V-UNIT
A107: Materiales | F107: 6 | G107: =35000/F107 -> 5833.3333 | H107: =+G107*6 -> 35000 | I107: =+E107*G107 -> 0
A108: Agregados | I108: =+E108*G108 -> 0
A109: MANO DE OBRA | E109: CANT. | F109: JORNAL+PRESTAC. | H109: REND. | I109: V-UNIT
A110: PLOMERO | E110: 1 | F110: =60000*1.7 -> 102000 | H110: 6 | I110: =+(E110*F110)/H110 -> 17000
A111: AYUDANTE | E111: 1 | F111: =30000*1.7 -> 51000 | H111: 6 | I111: =+(E111*F111)/H111 -> 8500
F112: TOTAL COSTO DIRECTO | I112: =ROUND((SUM(I94:I111)),0) -> 60599

Sheet A.P.U CIVIL
A2: ITEM: | B2: =PRESUPUESTO!B5 -> Suministro y aplicación de pintura acrilica, Vinilo Tipo 1 de primera calidad sobre muros revocados y/o estucados, tres manos o las necesarias para obtener una superficie pareja y homogénea. Incluye suministro y transporte de los materiales, tapa poros, adecuación de la superficie a intervenir hasta obtener una superficie pareja y homogénea, color a definir
A3: A.P.U_F-04 | H3: UNIDAD: | I3: M2
A4: EQUIPOS Y HERRAMIENTAS | F4: CANT | G4: Vr. / DIA | H4: REND. | I4: V-UNIT.
A5: Hta menor | I5: =ROUND((SUM(I21:I22)*0.05),0) -> 309
A6: Andamio tramo completo 1.5x1.5 | F6: 2 | G6: 7000 | H6: =H21 -> 22 | I6: =F6*G6/H6 -> 636.36364
A8: MATERIALES | F8: UN. | G8: P-UNIT. | H8: CANT. | I8: V-UNIT
A9: Pintura vinilica tipo 1 de viniltex o similar | F9: Galon | G9: 90000 | H9: 0.05 | I9: =+H9*G9 -> 4500
A10: rodillo de felpa | F10: unidad | G10: 14000 | H10: 0.1 | I10: =+H10*G10 -> 1400
A11: cinta de enmascarar | F11: unidad | G11: 7000 | H11: 0.2 | I11: =+H11*G11 -> 1400
I12: =+G12*H12 -> 0
I13: =+G13*H13 -> 0
I14: =+G14*H14 -> 0
I15: =+G15*H15 -> 0
I16: =+G16*H16 -> 0
A17: TRANSPORTE | E17: Vol (M3) | F17: DIST. | G17: M3-KM | H17: TARIFA | I17: V-UNIT
A18: Materiales | F18: 6 | G18: =35000/F18 -> 5833.3333 | H18: =+G18*6 -> 35000 | I18: =+E18*G18 -> 0
A19: Agregados | I19: =+E19*G19 -> 0
A20: MANO DE OBRA | E20: CANT. | F20: JORNAL+PRESTAC. | H20: REND. | I20: V-UNIT
A21: OFICICIAL OBRA BLANCA | E21: 1 | F21: =CUADRILLAS!B17*1.7 -> 136000 | H21: 22 | I21: =+E21*F21/H21 -> 6181.8182
F23: TOTAL COSTO DIRECTO | I23: =ROUND((SUM(I5:I22)),0) -> 14427
A25: ITEM: | B25: =PRESUPUESTO!B7 -> Mantenimiento correctivo canal amazonas del ctpga, incluye cambio de accesorios como: uniones, union bajante, bajantes, tapas, soportes y todos los elementos necesarios para su correcta instalacion y funcionamiento
A26: A.P.U_G-02 | H26: UNIDAD: | I26: M2
A27: EQUIPOS Y HERRAMIENTAS | F27: CANT | G27: Vr. / DIA | H27: REND. | I27: V-UNIT.
A28: Hta menor | I28: =ROUND((SUM(I44:I45)*0.05),0) -> 885
A29: andamios | F29: 1 | G29: 6000 | H29: =H44 -> 12 | I29: =F29*G29/H29 -> 500
A31: MATERIALES | F31: UN. | G31: P-UNIT. | H31: CANT. | I31: V-UNIT
A32: Accesorios canal amazonas | F32: m | G32: 25000 | H32: 1.05 | I32: =+H32*G32 -> 26250
A33: tronillos autoperforantes | F33: unidad | G33: 60 | H33: 4 | I33: =+H33*G33 -> 240
I36: =+G36*H36 -> 0
I37: =+G37*H37 -> 0
I38: =+G38*H38 -> 0
I39: =+G39*H39 -> 0
A40: TRANSPORTE | E40: Vol (M3) | F40: DIST. | G40: M3-KM | H40: TARIFA | I40: V-UNIT
A41: Materiales | I41: =+E41*G41 -> 0
A42: Agregados | I42: =+E42*G42 -> 0
A43: MANO DE OBRA | E43: CANT. | F43: JORNAL+PRESTAC. | H43: REND. | I43: V-UNIT
A44: =CUADRILLAS!B8 -> CUADRILLA 3 | E44: 1 | F44: =CUADRILLAS!D8 -> 212500 | H44: 12 | I44: =+(E44*F44)/H44 -> 17708.333
F46: TOTAL COSTO DIRECTO | I46: =ROUND((SUM(I28:I45)),0) -> 45583
A48: ITEM: | B48: =PRESUPUESTO!B10 -> Retiro e instalacion de perfil metalico para la correcta instalacion de la canl de aguas lluvias, incluye todos los elementos para su correcta instalacionv (zona de cuarto electrico, poli 1 y 2).
A49: A.P.U_G-02 | H49: UNIDAD: | I49: M2
A50: EQUIPOS Y HERRAMIENTAS | F50: CANT | G50: Vr. / DIA | H50: REND. | I50: V-UNIT.
A51: Hta menor | I51: =ROUND((SUM(I67:I68)*0.05),0) -> 2125
A52: andamio con tablon | F52: 2 | G52: 6000 | H52: =H67 -> 5 | I52: =G52/H52 -> 1200
A54: MATERIALES | F54: UN. | G54: P-UNIT. | H54: CANT. | I54: V-UNIT
I59: =+G59*H59 -> 0
I60: =+G60*H60 -> 0
I61: =+G61*H61 -> 0
I62: =+G62*H62 -> 0
A63: TRANSPORTE | E63: Vol (M3) | F63: DIST. | G63: M3-KM | H63: TARIFA | I63: V-UNIT
A64: Materiales | F64: 6 | G64: =35000/F64 -> 5833.3333 | H64: =+G64*6 -> 35000 | I64: =+E64*G64 -> 0
A65: Agregados | I65: =+E65*G65 -> 0
A66: MANO DE OBRA | E66: CANT. | F66: JORNAL+PRESTAC. | H66: REND. | I66: V-UNIT
A67: =CUADRILLAS!B8 -> CUADRILLA 3 | E67: 1 | F67: =CUADRILLAS!D8 -> 212500 | H67: 5 | I67: =+(E67*F67)/H67 -> 42500
F69: TOTAL COSTO DIRECTO | I69: =ROUND((SUM(I51:I68)),0) -> 45825
A72: ITEM: | B72: =PRESUPUESTO!B8 -> Retiro, Suministro e instalacion de canal interna de aguas lluvias en lamina galvanizada calibre 18, incluye primer, esmalte gris y todos los elementos para su correcta instalacionv(zona de cuarto electrico, poli 1 y 2).
A73: A.P.U_G-01 | H73: UNIDAD: | I73: ML
A74: EQUIPOS Y HERRAMIENTAS | F74: CANT | G74: Vr. / DIA | H74: REND. | I74: V-UNIT.
A75: Hta menor | I75: =ROUND((SUM(I90:I91)*0.05),0) -> 2763
A76: Andamio tramo completo 1.5x1.5 | F76: 2 | G76: 6000 | H76: 2 | I76: =+F76*G76/H76 -> 6000
A77: equipo de soldadura | F77: 1 | G77: 70000 | H77: 2 | I77: =+F77*G77/H77 -> 35000
A78: MATERIALES | F78: UN. | G78: P-UNIT. | H78: CANT. | I78: V-UNIT
A79: canal metalica galvanizada calibre 18 | F79: M | G79: 40000 | H79: 1.05 | I79: =+H79*G79 -> 42000
A80: primer | F80: galon | G80: 140000 | H80: =0.1 -> 0.1 | I80: =+H80*G80 -> 14000
A81: anticorrosivo | F81: galon | G81: 40000 | H81: 0.1 | I81: =+G81*H81 -> 4000
A82: tiner | F82: galon | G82: 20000 | H82: 0.1 | I82: =+G82*H82 -> 2000
I83: =+G83*H83 -> 0
I84: =+G84*H84 -> 0
I85: =+G85*H85 -> 0
A86: TRANSPORTE | E86: Vol (M3) | F86: DIST. | G86: M3-KM | H86: TARIFA | I86: V-UNIT
A87: Materiales | F87: 6 | G87: =35000/F87 -> 5833.3333 | H87: =+G87*6 -> 35000 | I87: =+E87*G87 -> 0
A88: Agregados | I88: =+E88*G88 -> 0
A89: MANO DE OBRA | E89: CANT. | F89: JORNAL+PRESTAC. | H89: REND. | I89: V-UNIT
A90: 1 HORNAMENTADOR + 1 AYUDANTE | E90: 1 | F90: =80000*1.7+50000*1.7 -> 221000 | H90: 4 | I90: =+E90*F90/H90 -> 55250
F92: TOTAL COSTO DIRECTO | I92: =ROUND((SUM(I75:I91)),0) -> 161013
A94: ITEM: | B94: =PRESUPUESTO!B9 -> Suministro y aplicación anticorrosivo y esmalte en la estructura de reforzamiento del pasillo, tres manos o las necesarias para obtener una superficie pareja y homogénea. Incluye suministro y transporte de los materiales, tapa poros, adecuación de la superficie a intervenir hasta obtener una superficie pareja y homogénea, color a definir
A95: A.P.U_G-01 | H95: UNIDAD: | I95: UNIDAD
A96: EQUIPOS Y HERRAMIENTAS | F96: CANT | G96: Vr. / DIA | H96: REND. | I96: V-UNIT.
A97: Hta menor | I97: =ROUND((SUM(I111:I112)*0.05),0) -> 19429
A98: Andamio tramo completo 1.5x1.5 | F98: 2 | G98: 6000 | H98: 2 | I98: =+F98*G98/H98 -> 6000
A100: MATERIALES | F100: UN. | G100: P-UNIT. | H100: CANT. | I100: V-UNIT
A101: esmalte | F101: galon | G101: 110000 | H101: 1 | I101: =+H101*G101 -> 110000
A102: anticorrosivo | F102: galon | G102: 70000 | H102: 1 | I102: =+G102*H102 -> 70000
A103: tiner | F103: galon | G103: 32000 | H103: 2 | I103: =+G103*H103 -> 64000
A104: lijas 100 | F104: unidad | G104: 1500 | H104: 10 | I104: =+G104*H104 -> 15000
I105: =+G105*H105 -> 0
I106: =+G106*H106 -> 0
A107: TRANSPORTE | E107: Vol (M3) | F107: DIST. | G107: M3-KM | H107: TARIFA | I107: V-UNIT
A108: Materiales | F108: 6 | G108: =35000/F108 -> 5833.3333 | H108: =+G108*6 -> 35000 | I108: =+E108*G108 -> 0
A109: Agregados | I109: =+E109*G109 -> 0
A110: MANO DE OBRA | E110: CANT. | F110: JORNAL+PRESTAC. | H110: REND. | I110: V-UNIT
A111: PINTOR | E111: 1 | F111: =80000*1.7 -> 136000 | H111: 0.35 | I111: =+E111*F111/H111 -> 388571.43
F113: TOTAL COSTO DIRECTO | I113: =ROUND((SUM(I97:I112)),0) -> 673000
A116: ITEM: | B116: =PRESUPUESTO!B11 -> Suministro e instalacion de soportes metalicos en angulo de 2" por 1/4" para lavamanos, bateria de baños de aprendices, incluye pintura, anticorrosivo y todos los elementos para su correcta instalcion.
A117: A.P.U_G-01 | H117: UNIDAD: | I117: UNIDAD
A118: EQUIPOS Y HERRAMIENTAS | F118: CANT | G118: Vr. / DIA | H118: REND. | I118: V-UNIT.
A119: Hta menor | I119: =ROUND((SUM(I134:I135)*0.05),0) -> 17000
A122: MATERIALES | F122: UN. | G122: P-UNIT. | H122: CANT. | I122: V-UNIT
A123: angulo metalico de 2"x1/4" | F123: unidad | G123: 160000 | H123: 1.5 | I123: =+H123*G123 -> 240000
A124: esmalte | F124: galon | G124: 80000 | H124: 0.5 | I124: =+H124*G124 -> 40000
A125: anticorrosivo | F125: galon | G125: 70000 | H125: 0.5 | I125: =+G125*H125 -> 35000
...

Sheet A.P.U PUERTAS
A1: ITEM: | B1: =PRESUPUESTO!B15 -> Suministro, transporte e instalación de PUERTA DE ALUMNIO DE 0.9X2.7 CON VENTANA PROYECTANTE, Incluye cerradura de seguridad, y todos los demás elementos necesarios para su correcta instalación y funcionamiento.
A2: A.P.U_G-01 | H2: UNIDAD: | I2: UNIDAD
A3: EQUIPOS Y HERRAMIENTAS | F3: CANT | G3: Vr. / DIA | H3: REND. | I3: V-UNIT.
A4: Hta menor | I4: =ROUND((SUM(I19:I20)*0.05),0) -> 5313
A7: MATERIALES | F7: UN. | G7: P-UNIT. | H7: CANT. | I7: V-UNIT
A8: puerta en alumnio natural | F8: unidad | G8: 1300000 | H8: 1.05 | I8: =+H8*G8 -> 1365000
I12: =+G12*H12 -> 0
I13: =+G13*H13 -> 0
I14: =+G14*H14 -> 0
A15: TRANSPORTE | E15: Vol (M3) | F15: DIST. | G15: M3-KM | H15: TARIFA | I15: V-UNIT
A16: Materiales | F16: 6 | G16: =35000/F16 -> 5833.3333 | H16: =+G16*6 -> 35000 | I16: =+E16*G16 -> 0
A17: Agregados | I17: =+E17*G17 -> 0
A18: MANO DE OBRA | E18: CANT. | F18: JORNAL+PRESTAC. | H18: REND. | I18: V-UNIT
A19: =CUADRILLAS!B8 -> CUADRILLA 3 | E19: 1 | F19: =CUADRILLAS!D8 -> 212500 | H19: 2 | I19: =+E19*F19/H19 -> 106250
F21: TOTAL COSTO DIRECTO | I21: =ROUND((SUM(I4:I20)),0) -> 1476563
A23: ITEM: | B23: =PRESUPUESTO!B16 -> Suministro, transporte e instalación de VIDRIO 5 MM COLOR NATURAL, incluye cerradura, y todos los demás elementos necesarios para su correcta instalación y funcionamiento.
A24: A.P.U_G-01 | H24: UNIDAD: | I24: M2
A25: EQUIPOS Y HERRAMIENTAS | F25: CANT | G25: Vr. / DIA | H25: REND. | I25: V-UNIT.
A26: Hta menor | I26: =ROUND((SUM(I41:I42)*0.05),0) -> 2125
A29: MATERIALES | F29: UN. | G29: P-UNIT. | H29: CANT. | I29: V-UNIT
A30: vidrio natural 5 mm | F30: m2 | G30: 40000 | H30: 1 | I30: =+H30*G30 -> 40000
I34: =+G34*H34 -> 0
I35: =+G35*H35 -> 0
I36: =+G36*H36 -> 0
A37: TRANSPORTE | E37: Vol (M3) | F37: DIST. | G37: M3-KM | H37: TARIFA | I37: V-UNIT
A38: Materiales | F38: 6 | G38: =35000/F38 -> 5833.3333 | H38: =+G38*6 -> 35000 | I38: =+E38*G38 -> 0
A39: Agregados | I39: =+E39*G39 -> 0
A40: MANO DE OBRA | E40: CANT. | F40: JORNAL+PRESTAC. | H40: REND. | I40: V-UNIT
A41: =CUADRILLAS!A8 -> 1 OFICIAL + 1 AYUDANTE | E41: 1 | F41: =CUADRILLAS!D8 -> 212500 | H41: 5 | I41: =+E41*F41/H41 -> 42500
F43: TOTAL COSTO DIRECTO | I43: =ROUND((SUM(I26:I42)),0) -> 84625
A45: ITEM: | B45: =PRESUPUESTO!B17 -> Mantenimento correctivo de rodachines y rieles de puertas corredizas del auditorio y ambiente de emprendimiento, Incluye cerradura de seguridad y todos los demás elementos necesarios para su correcta instalación y funcionamiento.
A46: A.P.U_G-01 | H46: UNIDAD: | I46: UNIDAD
A47: EQUIPOS Y HERRAMIENTAS | F47: CANT | G47: Vr. / DIA | H47: REND. | I47: V-UNIT.
A48: Hta menor | I48: =ROUND((SUM(I63:I64)*0.05),0) -> 11806
A51: MATERIALES | F51: UN. | G51: P-UNIT. | H51: CANT. | I51: V-UNIT
A52: riel galvanizado | F52: UNIDAD | G52: 250000 | H52: 1.05 | I52: =+H52*G52 -> 262500
A53: rodachines | F53: UNIDAD | G53: 30000 | H53: 8 | I53: =+H53*G53 -> 240000
A54: guarda de seguridad | F54: UNIDAD | G54: 160000 | H54: 2 | I54: =+H54*G54 -> 320000
I56: =+G56*H56 -> 0
I57: =+G57*H57 -> 0
I58: =+G58*H58 -> 0
A59: TRANSPORTE | E59: Vol (M3) | F59: DIST. | G59: M3-KM | H59: TARIFA | I59: V-UNIT
A60: Materiales | F60: 6 | G60: =35000/F60 -> 5833.3333 | H60: =+G60*6 -> 35000 | I60: =+E60*G60 -> 0
A61: Agregados | I61: =+E61*G61 -> 0
A62: MANO DE OBRA | E62: CANT. | F62: JORNAL+PRESTAC. | H62: REND. | I62: V-UNIT
A63: =CUADRILLAS!B8 -> CUADRILLA 3 | E63: 1 | F63: =CUADRILLAS!D8 -> 212500 | H63: 0.9 | I63: =+E63*F63/H63 -> 236111.11
F65: TOTAL COSTO DIRECTO | I65: =ROUND((SUM(I48:I64)),0) -> 1070417

Sheet CUADRILLAS
A2: PROPUESTA CUADRO DE SALARIO
A5: DESCRIPCION | B5: CUADRILLAS | C5: COSTO DIRECTO | D5: COSTO + PRESTACIONES
A6: 1 AYUDANTE | B6: CUADRILLA 1 | C6: =B24*1 -> 45000 | D6: =+C6*1.7 -> 76500
A7: 2 AYUDANTES | B7: CUADRILLA 2 | C7: =B24*2 -> 90000 | D7: =+C7*1.7 -> 153000
A8: 1 OFICIAL + 1 AYUDANTE | B8: CUADRILLA 3 | C8: =(B16+(B24*1)) -> 125000 | D8: =+C8*1.7 -> 212500
A9: 1 OFICIAL + 2 AYUDANTES | B9: CUADRILLA 4 | C9: =(B16+(B24*2)) -> 170000 | D9: =+C9*1.7 -> 289000
A10: 1 OFICIAL + 4 AYUDANTES | B10: CUADRILLA 5 | C10: =(B16+(B23*4)) -> 280000 | D10: =+C10*1.7 -> 476000
A11: 1 OFICIAL + 6 AYUDANTES | B11: CUADRILLA 6 | C11: =(B16+(B24*6)) -> 350000 | D11: =+C11*1.7 -> 595000
A12: 1TOPOGRAFO + 1CADENERO I + 1 CADENERO II | B12: CUADRILLA 7 | C12: =(B20+B21+B22) -> 190000 | D12: =+C12*1.7 -> 323000
A13: 2 OFICIAL + 2 AYUDANTES | B13: CUADRILLA 8 | C13: =B16*2+B24*2 -> 250000 | D13: =+C13*1.7 -> 425000
A15: DESCRIPCION | B15: SALARIO BASICO (DIA) | C15: % PREST. | D15: SALARIO (MES)
A16: OFICIAL OBRA GRIS | B16: 80000 | C16: 0.7 | D16: =(B16*30)*1.7 -> 4080000
A17: OFICIAL OBRA BLANCA | B17: 80000 | C17: 0.7 | D17: =(B17*30)*1.7 -> 4080000
A18: OFICIAL PLOMERIA | B18: 80000 | C18: 0.7 | D18: =(B18*30)*1.7 -> 4080000
A19: OFICIAL ELECTRICO | B19: 80000 | C19: 0.7 | D19: =(B19*30)*1.7 -> 4080000
A20: TOPOGRAFO 1 | B20: 90000 | C20: 0.7 | D20: =(B20*30)*1.7 -> 4590000
A21: CADENERO 1 | B21: 50000 | C21: 0.7 | D21: =(B21*30)*1.7 -> 2550000
A22: CADENERO 2 | B22: 50000 | C22: 0.7 | D22: =(B22*30)*1.7 -> 2550000
A23: AYUDANTE ENTENDIDO | B23: 50000 | C23: 0.7 | D23: =(B23*30)*1.7 -> 2550000
A24: AYUDANTE RASO | B24: 45000 | C24: 0.7 | D24: =(B24*30)*1.7 -> 2295000
A25: TECNOLOGO CIVIL | B25: 80000 | C25: 0.7 | D25: =(B25*30)*1.7 -> 4080000
A26: INGENIERO CIVIL | B26: 150000 | C26: 0.7 | D26: =(B26*30)*1.7 -> 7650000

Sheet A.I.U
A1: PROPUESTA DISCRIMINACION DEL A.I.U
A4: VALOR COSTO DIRECTO : | J4: =[1]PRESUPUESTO!F13 -> 18345072
B5: DESCRIPCION | D5: No | E5: TIEMPO | F5: SALARIO | G5: P.S. | H5: TOTAL | I5: TOTAL | J5: %
E6: (Meses) | H6: SALARIO
A7: 1 | B7: GASTOS GENERALES DE LA FIRMA | I7: =SUM(I8:I8) -> 55035.216 | J7: =I7/J4 -> 0.003
B8: Informes, papelería, fotografías | I8: =J4*0.3/100 -> 55035.216
A10: 2 | B10: PERSONAL DE DIRECCION Y ADMINISTRACION | I10: =SUM(H11:H12) -> 3098250 | J10: =I10/J4 -> 0.16888732
B12: Tecnologo Residente | D12: 1 | E12: 1.35 | F12: 1350000 | G12: 1.7 | H12: =F12*G12*E12*D12 -> 3098250
A14: 3 | B14: TRANSPORTE DE PERSONAL Y EQUIPOS EN GENERAL | I14: =SUM(I15:I15) -> 0 | J14: =I14/J4 -> 0
A17: 4 | B17: SERVICIOS GENERALES, VIGILANCIA, CONSERVACION Y MANTENIMIENTO | I17: =SUM(H18:H19) -> 0 | J17: =I17/J4 -> 0
B18: Celador
A20: 5 | B20: MOVILIZACION E INSTALACIONES PROVISIONALES | I20: =SUM(I21:I22) -> 0 | J20: =I20/J4 -> 0
A23: 6 | B23: SEGURIDAD INDUSTRIAL Y TIEMPO DE INACTIVIDAD | I23: =+I24 -> 91725.36 | J23: =I23/J4 -> 0.005
B24: Seguridad industrial | I24: =J4*0.05/10 -> 91725.36
A26: 7 | B26: GARANTIAS Y SEGUROS | I26: =SUM(I27:I28) -> 232982.41 | J26: =I26/J4 -> 0.0127
B27: Poliza Unica de cumplimiento | I27: =(J4*0.09/10) -> 165105.65
B28: Poliza Estabilidad civil | I28: =(J4*0.037/10) -> 67876.766
A29: 9 | B29: IMPUESTOS, CONTRIBUCIONES Y TRANSFERENCIAS | I29: =SUM(I30:I37) -> 183450.72 | J29: =I29/J4 -> 0.01
B30: Retefuente | I30: =$J$4*1/100 -> 183450.72
B39: SUBTOTAL ADMINISTRACION | J39: =+J29+J26+J23+J20+J17+J14+J10+J7 -> 0.19958732
B40: UTILIDAD DEL CONTRATISTA | J40: 0.05
A41: TOTAL ADMINISTRACION, IMPREVISTOS Y UTILIDAD : | J41: =SUM(J39:J40) -> 0.24958732
B43: ADMINISTRACION | D43: =+J39 -> 0.19958732
B44: UTILIDAD | D44: =+J40 -> 0.05
